 Dungeon Crawl Stone Soup version 0.28-a0-1206-g193881aaa2 (webtiles) character file.

Game seed: 3173712299712541407

181 leviel the Skirmisher (level 5, 0/47 HPs)
             Began as a Hill Orc Fighter on Dec 20, 2021.
             Slain by a gnoll (11 damage)
             ... on level 3 of the Dungeon.
             The game lasted 00:02:08 (2075 turns).

leviel the Skirmisher (Hill Orc Fighter)            Turns: 2075, Time: 00:02:09

Health: 0/47       AC:  8    Str: 21    XL:     5   Next: 61%
Magic:  5/5        EV:  7    Int:  8    God:
Gold:   124        SH:  8    Dex: 10    Spells: 4/4 levels left

rFire   . . .      SeeInvis .   a - +0 war axe
rCold   . . .      Faith    .   l - +0 kite shield
rNeg    . . .      Spirit   .   b - +0 scale mail
rPois   .          Reflect  .   (no helmet)
rElec   .          Harm     .   i - +0 cloak
rCorr   .          Rampage  .   (no gloves)
Will    .....                   (no boots)
Stlth   ..........              g - amulet of regeneration
HPRegen 0.95/turn               (no ring)
MPRegen 0.09/turn               (no ring)

@: no status effects
A: no striking features
a: no special abilities


You were on level 3 of the Dungeon.
You visited 1 branch of the dungeon, and saw 3 of its levels.

You collected 124 gold pieces.

Inventory:

Hand Weapons
 a - a +0 war axe (weapon)
Missiles
 n - 43 poisoned darts (quivered)
Armour
 b - a +0 scale mail (worn)
 c - a +0 buckler
 i - a +0 cloak (worn)
 l - a +0 kite shield (worn)
Jewellery
 g - an amulet of regeneration (around neck)
Scrolls
 e - 2 scrolls of identify {unknown}
 f - a scroll of acquirement {unknown}
 j - a scroll of fog {unknown}
 m - 3 scrolls of enchant weapon {unknown}
 o - a scroll of holy word {unknown}
 p - a scroll of amnesia {unknown}
Potions
 d - a potion of might
 h - a potion of mutation {unknown}
 k - a potion of heal wounds {unknown}
 q - a potion of curing {unknown}


   Skills:
 + Level 4.7 Fighting
 + Level 4.2 Axes
 + Level 0.8 Throwing
 + Level 4.2 Armour
 * Level 4.4 Shields


You had 4 spell levels left.
You didn't know any spells.
Your spell library was empty.

Dungeon Overview and Level Annotations

Branches:
Dungeon (3/15)

Altars:


Message History

The gnoll hits you from afar with a +0 halberd. x2
You are too injured to fight recklessly!
You are too injured to fight recklessly!
You are too injured to fight recklessly!
You are too injured to fight recklessly!
You are too injured to fight recklessly!
You are too injured to fight recklessly!
You are too injured to fight recklessly!
You are too injured to fight recklessly!
You are too injured to fight recklessly!
You are too injured to fight recklessly!
You are too injured to fight recklessly!
You are too injured to fight recklessly!
You are too injured to fight recklessly!
You are too injured to fight recklessly!
You are too injured to fight recklessly!
The gnoll closely misses you.
You see here a +0 club.
You slash the gnoll!
The gnoll is almost dead.
You hit the plant.
The plant begins to die.
The gnoll hits you but does no damage.
You closely miss the gnoll.
The gnoll is almost dead.
You hit the plant. You block the gnoll's attack. x2
You barely miss the gnoll.
The gnoll is almost dead.
You hit the plant. The gnoll hits you with a +0 halberd!
You closely miss the gnoll.
The gnoll is almost dead.
You hit the plant.
A nearby plant withers and dies.
The gnoll hits you with a +0 halberd! The gnoll hits you but does no damage.
You barely miss the gnoll.
The gnoll is almost dead.
The gnoll hits you with a +0 halberd!
* * * LOW HITPOINT WARNING * * *
You barely miss the gnoll.
The gnoll is severely wounded.
The gnoll hits you with a +0 halberd!
You die...

########## #........####
##.♣♣♣♣♣♣....##
##..♣÷♣♣P♣♣....##
#..#####P.♣♣....#
#..#...#.P♣♣♣...#
#..♣...#)..P♣♣..#
#..'.8.'@g.._♣..#
#..♣...#...P♣♣..#
#..#...#P.P♣♣...#
##..#####.P♣♣..#.#
#....♣÷♣.♣♣♣..##.#
#....♣♣♣♣♣♣..###.########
#...........## #.<..#...##
#..<.#.##...# ##.........#
#......##.#.###...........


You could see a gnoll.

Vanquished Creatures
  Natasha (D:2)
  Terence (D:3)
  2 gnolls (D:3)
  4 adders
  2 dart slugs (D:3)
  4 orcs
  3 bats
  7 endoplasms
  2 giant cockroaches
  5 hobgoblins (D:1)
  8 kobolds
  6 quokkas
  5 ball pythons
  7 frilled lizards
  6 goblins
  5 rats
68 creatures vanquished.

Vanquished Creatures (others)
  4 plants (D:3)
4 creatures vanquished.

Grand Total: 72 creatures vanquished

Notes
Turn   | Place    | Note
-------+----------+-------------------------------------------
     0 | D:1      | leviel the Hill Orc Fighter began the quest for the Orb.
     0 | D:1      | Reached XP level 1. HP: 19/19 MP: 1/1
   277 | D:1      | Reached XP level 2. HP: 18/27 MP: 2/2
   687 | D:1      | Reached XP level 3. HP: 33/33 MP: 3/3
  1580 | D:3      | Reached XP level 4. HP: 40/40 MP: 4/4
  1582 | D:3      | Noticed Natasha
  1597 | D:2      | Killed Natasha
  1746 | D:3      | Reached XP level 5. HP: 47/47 MP: 5/5
  1950 | D:3      | Noticed Terence
  1955 | D:3      | Killed Terence
  2059 | D:3      | Found a faded altar of an unknown god.
  2075 | D:3      | Slain by a gnoll

Illustrated notes

Levels and vault maps discovered:
D:1:      eino_arrival_druids_welcome, layout_loops_ring,
          palyth_stone_intersect, minmay_box_of_dots
D:2:      minmay_recursive_quarters, layout_basic, serial_bayou_pond_b
D:3:      layout_rooms, dilly_ecumenical_altar_fadedgnrine,
          minmay_misc_feat_cross, uniq_terence, uniq_natasha

Skill      XL: |  1  2  3  4  5 |
---------------+----------------+-----
Axes           | 3 4 |  4.2
Fighting       | 4 |  4.7
Armour         | 4 |  4.2
Shields        | 4 |  4.4
Throwing       | |  0.8

Action                   |  1- 3 |  4- 6 || total
-------------------------+-------+-------++-------
Melee: War axe           |   106 |    77 ||   183
Armor: Scale mail        |    69 |    53 ||   122
Dodge: Dodged            |    55 |    42 ||    97
Block: Buckler           |    19 |       ||    19
       Kite shield       |    21 |    58 ||    79

Table legend: (Time is in decaauts)
 A = Elapsed time spent in this place.
 B = Non-inter-level travel time spent in this place.
 C = Inter-level travel time spent in this place.
 D = Time resting spent in this place.
 E = Time spent auto-exploring this place.
 F = Levels seen in this place.
 G = Mean time per level.
                   A        B        C        D        E       F      G
               +--------+--------+--------+--------+--------+-----+--------+
         Total |   2168 |   2121 |     47 |    206 |   1434 |   3 |  722.7 |
       Dungeon |   2168 |   2121 |     47 |    206 |   1434 |   3 |  722.7 |
               +--------+--------+--------+--------+--------+-----+--------+

Top non-repeatable levels by time:
     D:1: 972 daAuts
     D:2: 687 daAuts
     D:3: 507 daAuts
